 Dungeon Sprint DCSS version 0.19.4-8-ga85b6b9 (webtiles) character file.

15000000 doot the Conqueror (level 27, -104/149 HPs)
             Began as a Felid Abyssal Knight on Feb 14, 2017.
             Was the Champion of Makhleb.
             Annihilated by a destroyer
             ... wielding a +9 great sword of slicing
              (145 damage)
             ... in the Dungeon (Sprint VIII: "Arena of Blood").
             The game lasted 00:09:06 (150 turns).

doot the Conqueror (Felid Abyssal Knight)            Turns: 150, Time: 00:09:06

Health: -104/149   AC:  3    Str:  8    XL:     27
Magic:  55/55      EV: 44    Int: 14    God:    Makhleb [******]
Gold:   0          SH:  0    Dex: 28    Spells: 0 memorised, 80 levels left
                                        Lives:  0   Deaths: 7

rFire  . . .     SeeInvis +       - Unarmed
rCold  + . .     Gourm    .     (armour unavailable)
rNeg   . . .     Faith    .     (shield unavailable)
rPois  .         Spirit   .     (helmet unavailable)
rElec  .         Reflect  .     (cloak unavailable)
rCorr  .         Harm     .     (gloves unavailable)
MR     ++++.     NoTele   +     (boots unavailable)
Stlth  ++++++++++               (no amulet)
                                (no ring)
                                h - +27000 ring of slaying

@: quick
A: no armour, no weapons or thrown items, stealth, claws 1, fangs 3, see
invisible, carnivore 3, speed 1, shaggy fur 3, slow metabolism 1, sharp paws
a: Minor Destruction, Lesser Servant of Makhleb, Major Destruction, Greater
Servant of Makhleb, Renounce Religion


You were in the Dungeon.
You worshipped Makhleb.
Makhleb was exalted by your worship.
You were not hungry.

You visited 1 branch

Inventory:

Jewellery
 h - a +27000 ring of slaying (left paw)
Scrolls
 g - a scroll of blinking
Potions
 b - a potion of curing
 c - a potion of heal wounds
 e - 2 potions of magic
Comestibles
 a - a meat ration


   Skills:
 O Level 27 Fighting
 O Level 27 Dodging
 O Level 27 Stealth
 O Level 27 Unarmed Combat
 O Level 27 Spellcasting
 O Level 27 Invocations


You had 80 spell levels left.
You didn't know any spells.

Dungeon Overview and Level Annotations

Branches:
Dungeon (1/1)

Altars:
Makhleb

Annotations:
D The Servant


Innate Abilities, Weirdness & Mutations

You cannot wear armour.
You are incapable of wielding weapons or throwing items.
Your paws allow you to move quietly. (Stealth)
You have sharp claws.
You have razor-sharp teeth.
You have supernaturally acute eyesight. (SInv)
You are carnivorous and can eat meat at any time.
You cover ground quickly.
Your thick and shaggy fur keeps you warm. (AC +3, rC+)
You have a slow metabolism.
Your sharp claws are effective at attacking unaware monsters.


Message History

You kill the meat berserker!
Makhleb accepts your kill.
You feel better. The observer gazes at you. Something smites you!
The fleshlord gestures at you while chanting.
You barely resist.
The eight-headed meat hydra calls on the powers of darkness!
The eight-headed meat hydra convulses!
The bag of meat convulses!
The observer convulses!
The bag of meat convulses! x4
Your body is wracked with pain!
The eight-headed meat hydra convulses!
The observer convulses!
The bag of meat convulses! x3; The observer convulses!
The destroyer blinks!
The tyrant waves its bony arms in wide circles.
The air twists around and strikes you!
* * * LOW HITPOINT WARNING * * *
You hear a shout!
The destroyer hits you with a +9 great sword of slicing!!!!!
Ouch! That really hurt!
You die...

.....#.xO)o).# .......V.
.....#§o)ooo.#.........
.......D)ooo.o........o
....XX..o..oo%.G.#...#
....X.OSooxo....#...o#
....o.........##§GVG.
....#XSXD....#..... C
.........DXVz#...###LC2.
...##x#..o.oxoo.@).OLo#
.....)o..oL...V.V..Wooop
###.o§o#.oD.W####XpX....
.o...§...Gx.O..#..o....#
..........§SWp.SoLXX####
##.......x.XO†..V####
#################


You could see a meat beast, 4 tyrants, 2 eight-headed meat hydras, 4 destroyers,
3 observers, 2 fleshlords, a sculptor of flesh, 2 large bags of meat, 5 large
abominations, a wretched soul (invisible), a dread, a meat berserker (berserk),
a small abomination, 20 bags of meat and a crawling corpse.

Vanquished Creatures
  2 hell knights (D)
  3 hell beasts (D)
  A great orb of eyes (D)
  4 wraiths (D)
  6 vampire knights (D)
  26 ogres (D)
  3 liches (D)
  30 orcs (D)
  A phantom (D)
  4 hill giants (D)
  3 skeletal warriors (D)
  A sea snake (D)
  A large abomination (D)
  3 small abominations (D)
88 creatures vanquished.

Vanquished Creatures (others)
  6 crawling corpses (D)
6 creatures vanquished.

Grand Total: 94 creatures vanquished

Notes
Turn   | Place    | Note
-------+----------+-------------------------------------------
     0 | D        | doot the Felid Abyssal Knight began the quest for the Orb.
     0 | D        | Reached XP level 1. HP: 10/10 MP: 3/3
     3 | D        | Noticed a bag of meat
     4 | D        | Noticed a bag of meat
     4 | D        | Fell from the grace of Lugonu
     4 | D        | Became a worshipper of Makhleb the Destroyer
     5 | D        | Noticed a meat berserker
     7 | D        | Noticed a meat berserker
     8 | D        | Noticed a bag of meat
     8 | D        | Killed a meat berserker
     8 | D        | Reached skill level 10 in Invocations
     8 | D        | Reached XP level 2. HP: 33/33 MP: 3/9
     8 | D        | Reached XP level 3. HP: 37/37 MP: 3/10
     8 | D        | Reached XP level 4. HP: 42/42 MP: 3/12
     8 | D        | Reached XP level 5. HP: 46/46 MP: 3/13
     8 | D        | Gained mutation: You are covered in thick fur. (AC +2) [Felid growth]
     8 | D        | Reached XP level 6. HP: 50/50 MP: 3/15
     8 | D        | Reached XP level 7. HP: 54/54 MP: 3/16
     8 | D        | Reached XP level 8. HP: 59/59 MP: 3/17
     8 | D        | Reached XP level 9. HP: 63/63 MP: 3/18
     8 | D        | Reached XP level 10. HP: 67/67 MP: 3/19
     8 | D        | Reached XP level 11. HP: 71/71 MP: 3/20
     8 | D        | Gained mutation: Your thick and shaggy fur keeps you warm. (AC +3, rC+) [Felid growth]
     8 | D        | Reached XP level 12. HP: 76/76 MP: 3/21
     8 | D        | Reached XP level 13. HP: 80/80 MP: 3/22
     9 | D        | Noticed a meat berserker
    10 | D        | Noticed a bag of meat
    10 | D        | Noticed a meat berserker
    10 | D        | Noticed a bag of meat
    11 | D        | Noticed a bag of meat
    11 | D        | Noticed a bag of meat
    11 | D        | Noticed a bag of meat
    11 | D        | Noticed a meat berserker
    11 | D        | Noticed a meat berserker
    11 | D        | Noticed a bag of meat
    12 | D        | Noticed a bag of meat
    12 | D        | Noticed a bag of meat
    12 | D        | Killed a meat berserker
    12 | D        | Reached * piety under Makhleb
    12 | D        | Reached skill level 15 in Unarmed Combat
    12 | D        | Reached XP level 14. HP: 90/90 MP: 3/24
    13 | D        | Noticed a bag of meat
    13 | D        | Noticed a meat berserker
    13 | D        | Noticed a bag of meat
    13 | D        | Noticed a bag of meat
    13 | D        | Noticed a meat berserker
    14 | D        | Noticed a meat berserker
    14 | D        | Noticed a bag of meat
    14 | D        | Killed a meat berserker
    14 | D        | Reached skill level 27 in Fighting
    14 | D        | Reached XP level 15. HP: 95/95 MP: 3/27
    15 | D        | Killed a meat berserker
    15 | D        | Reached skill level 27 in Dodging
    16 | D        | Noticed a meat berserker
    16 | D        | Killed a meat berserker
    16 | D        | Reached ** piety under Makhleb
    16 | D        | Reached XP level 16. HP: 55/100 MP: 4/31
    16 | D        | Slain by a bag of meat
    17 | D        | Reached XP level 15. HP: -5/95 MP: 4/30
    17 | D        | Noticed a meat berserker
    19 | D        | Killed a meat berserker
    19 | D        | Reached skill level 27 in Unarmed Combat
    19 | D        | Reached XP level 16. HP: 100/100 MP: 30/34
    20 | D        | Noticed a large bag of meat
    22 | D        | Reached skill level 27 in Invocations
    23 | D        | Reached *** piety under Makhleb
    24 | D        | Killed a meat berserker
    24 | D        | Reached skill level 15 in Spellcasting
    24 | D        | Reached XP level 17. HP: 104/104 MP: 31/37
    26 | D        | Killed a large bag of meat
    26 | D        | HP: 3/104 [large bag of meat/exploding inner flame (34)]
    26 | D        | Reached **** piety under Makhleb
    26 | D        | Reached skill level 27 in Stealth
    27 | D        | Noticed a meat berserker
    27 | D        | Killed a meat berserker
    27 | D        | Reached XP level 18. HP: 43/109 MP: 31/47
    28 | D        | Killed a meat berserker
    28 | D        | Reached skill level 27 in Spellcasting
    30 | D        | Reached ***** piety under Makhleb
    30 | D        | Reached XP level 19. HP: 113/113 MP: 31/51
    31 | D        | Noticed a meat berserker
    32 | D        | Demolished by a bag of meat
    33 | D        | Reached XP level 18. HP: -14/109 MP: 32/50
    33 | D        | Noticed a destroyer
    33 | D        | Noticed a sculptor of flesh
    33 | D        | Noticed a meat berserker
    35 | D        | Noticed a meat berserker
    35 | D        | Noticed a meat berserker
    35 | D        | Noticed a meat berserker
    36 | D        | Noticed an eight-headed meat hydra
    37 | D        | Noticed a large bag of meat
    37 | D        | Noticed a meat berserker
    38 | D        | Noticed a large bag of meat
    39 | D        | Noticed a meat berserker
    39 | D        | Killed a meat berserker
    39 | D        | Slain by a bag of meat
    40 | D        | Reached XP level 17. HP: -4/104 MP: 49/49
    40 | D        | Noticed a meat berserker
    40 | D        | Noticed a destroyer
    41 | D        | Noticed a meat berserker
    42 | D        | Noticed a destroyer
    42 | D        | Noticed a large bag of meat
    43 | D        | Noticed a destroyer
    43 | D        | Killed a meat berserker
    43 | D        | Reached XP level 18. HP: 109/109 MP: 50/50
    46 | D        | Killed a meat berserker
    47 | D        | Noticed The Servant
    48 | D        | Noticed a meat berserker
    48 | D        | Killed a destroyer
    48 | D        | Reached XP level 19. HP: 109/113 MP: 51/51
    49 | D        | Killed a meat berserker
    49 | D        | Reached ****** piety under Makhleb
    50 | D        | Killed a meat berserker
    51 | D        | Killed a destroyer
    51 | D        | Reached XP level 20. HP: 118/118 MP: 52/52
    52 | D        | Noticed a destroyer
    52 | D        | Killed a meat berserker
    53 | D        | Killed a meat berserker
    54 | D        | Noticed a meat berserker
    54 | D        | Noticed a tyrant
    54 | D        | Killed a meat berserker
    54 | D        | Reached XP level 21. HP: 122/122 MP: 53/53
    55 | D        | Noticed a destroyer
    57 | D        | Noticed a destroyer
    57 | D        | Noticed an accursed
    57 | D        | Annihilated by The Servant
    58 | D        | Reached XP level 20. HP: -83/118 MP: 52/52
    58 | D        | Noticed a destroyer
    58 | D        | Killed a destroyer
    58 | D        | Reached XP level 21. HP: 122/122 MP: 53/53
    60 | D        | Noticed a destroyer
    62 | D        | Killed a destroyer
    62 | D        | Reached XP level 22. HP: 127/127 MP: 54/54
    64 | D        | Annihilated by a destroyer
    65 | D        | Reached XP level 21. HP: -40/122 MP: 53/53
    65 | D        | Noticed a tyrant
    65 | D        | Noticed a dread
    68 | D        | Noticed a dread
    69 | D        | Noticed a tyrant
    76 | D        | Noticed a tyrant
    76 | D        | Reached XP level 22. HP: 127/127 MP: 54/54
    78 | D        | Noticed a dread
    82 | D        | Killed a dread
    82 | D        | Reached XP level 23. HP: 131/131 MP: 55/55
    84 | D        | Killed a tyrant
    87 | D        | Killed a tyrant
    90 | D        | Reached XP level 24. HP: 85/136 MP: 55/55
    92 | D        | Killed a destroyer
    95 | D        | Killed a dread
    96 | D        | Noticed a meat beast
    97 | D        | Killed a dread
    97 | D        | Reached XP level 25. HP: 140/140 MP: 55/55
   100 | D        | Reached XP level 26. HP: 92/145 MP: 55/55
   105 | D        | Noticed a meat beast
   111 | D        | Killed a meat beast
   111 | D        | Reached XP level 27. HP: 149/149 MP: 55/55
   119 | D        | Killed a tyrant
   121 | D        | Killed a meat beast
   127 | D        | Noticed a fleshlord
   127 | D        | Noticed a dread
   129 | D        | Noticed a tyrant
   134 | D        | Noticed a fleshlord
   135 | D        | Noticed a fleshlord
   136 | D        | Killed a fleshlord
   138 | D        | Noticed a meat beast
   139 | D        | Killed a dread
   140 | D        | Mangled by a destroyer
   142 | D        | Noticed a tyrant
   143 | D        | Noticed a fleshlord
   143 | D        | Noticed a tyrant
   144 | D        | Noticed a destroyer
   144 | D        | Killed a destroyer
   145 | D        | Noticed a destroyer
   145 | D        | Killed a fleshlord
   146 | D        | Noticed a dread
   146 | D        | Killed a meat beast
   148 | D        | Annihilated by a fleshlord
   149 | D        | Noticed a tyrant
   149 | D        | Noticed a destroyer
   149 | D        | Noticed a fleshlord
   149 | D        | Noticed a meat beast
   150 | D        | Annihilated by a destroyer

Skill      XL: |  1  2  3  4  5  6  7  8  9 10 11 12 13 14 15 16 17 18 |
---------------+-------------------------------------------------------+-----
Fighting       | 22 26 27 | 27.0
Dodging        | 20 23 26 27 | 27.0
Unarmed Combat | 13 15 18 27 | 27.0
Invocations    | 10 12 14 26 27 | 27.0
Stealth        | 22 27 | 27.0
Spellcasting   | 15 24 27 | 27.0

Action                   |  1- 3 |  4- 6 |  7- 9 | 10-12 | 13-15 | 16-18 | 19-21 | 22-24 | 25-27 || total
-------------------------+-------+-------+-------+-------+-------+-------+-------+-------+-------++-------
Melee: Unarmed           |     1 |       |       |       |     5 |    14 |    19 |    20 |    32 ||    91
       Punch             |       |       |       |       |       |       |     1 |       |       ||     1
  Use: Potion            |       |       |       |       |       |       |     1 |       |     1 ||     2
Dodge: Dodged            |       |       |       |       |     1 |     5 |    12 |     6 |    30 ||    54
